AoeStats
← MFL91

Hideout

509404024Analyzed
1v1 RM · 7d ago on Sep 26, 2026· 54m 47s· 2 players
Game mode
Random Map
Map size
Tiny (2 player)
Population
200
Speed
Normal
Resources
Standard
Victory
Conquest
Starting age
Dark Age
Ending age
Imperial Age
RankedLock teamsTeams togetherTeam positionsShared explorationLock speedFull tech treeHidden civsTurbo modeCheats
Victory
Defeat
🇨🇱 Khmer · Chile
1393
+15
🇦🇪 Maya · United Arab Emirates
1366
-15
MFL91
0:27 Loom
11:40 Feudal Age
15:54 Castle Age
15:14 Horse Collar
16:25 Double-Bit Axe
22:12 Heavy Plow
23:59 Bow Saw
26:11 Fortified Wall
28:09 Wheelbarrow
27:53 Town Watch
28:50 Town Patrol
29:06 Hand Cart
32:18 Imperial Age
29:59 Gold Mining
29:44 Eagle Warrior
30:09 Arson
30:25 Squires
30:29 Scale Mail Armor
30:44 Forging
31:46 Chain Mail Armor
32:47 Iron Casting
32:21 Elite Eagle Warrior
33:34 Holcans
33:24 Conscription
33:10 Stone Mining
32:49 Onager
34:33 Plate Mail Armor
35:10 Blast Furnace
35:06 Crop Rotation
35:17 Capped Ram
36:08 Siege Ram
37:42 Block Printing
41:21 Chemistry
45:32 Pikeman
46:06 Halberdier
TuiWard
9:17 Feudal Age
9:52 Double-Bit Axe
15:31 Castle Age
14:10 Horse Collar
15:52 Bloodlines
18:30 Bow Saw
19:23 Fervor
22:38 Loom
24:53 Wheelbarrow
29:03 Imperial Age
27:39 Husbandry
27:55 Town Watch
28:26 Hand Cart
28:39 Gold Mining
28:39 Stone Mining
29:37 Town Patrol
30:26 Heavy Plow
30:53 Light Cavalry
32:15 Crop Rotation
31:58 Hussar
34:07 Chemistry
34:41 Siege Engineers
35:04 Ballistics
35:12 Forging
34:53 Fletching
35:10 Scale Barding Armor
35:52 Tusk Swords
36:47 Iron Casting
36:34 Chain Barding Armor
36:55 Conscription
36:36 Bodkin Arrow
37:19 Gold Shaft Mining
36:57 Masonry
36:44 Murder Holes
37:00 Heavy Scorpion
44:40 Blast Furnace
43:42 Bracer
44:18 Plate Barding Armor
51:47 Coinage
51:59 Coinage
Connection lost

Rejoining the realm…

Still unreachable

The connection could not be restored.

Session expired

The server has moved on; the page needs a fresh start.